[Event "45th FIDE Womens Olympiad 2024"]
[Site "Budapest"]
[Date "2024.09.16"]
[Round "6.15"]
[White "Kiolbasa, Oliwia"]
[Black "Guo, Qi"]
[Result "1-0"]
[ECO "D35"]
[WhiteElo "2348"]
[BlackElo "2367"]
[Annotator "TA"]
[PlyCount "113"]
[EventDate "2024.09.05"]
[EventType "team-tourn"]
[EventCountry "HUN"]
[SourceTitle "playchess.com"]
[Source "ChessBase"]
[SourceQuality "1"]
[WhiteTeam "Poland"]
[BlackTeam "China"]
[WhiteTeamCountry "POL"]
[BlackTeamCountry "CHN"]
[TimeControl "40/5400+30:1800+30"]

1. d4 d5 2. c4 e6 3. Nc3 Nf6 4. cxd5 exd5 5. Bg5 Be7 6. e3 h6 7. Bh4 Bg4 8. f3 Be6 9. Bd3 c5 {[%emt 0:00:37] The position is equal.} 10. Nge2 Nc6 11. O-O O-O 12. Bc2 Rc8 13. Bf2 cxd4 14. Nxd4 Nxd4 15. Qxd4 Qa5 16. Bb3 Rfd8 17. Rfd1 Bc5 18. Qd3 a6 19. Ne2 Nd7 20. Nf4 Ne5 21. Qe2 Ba7 {[%emt 0:01:29] [#]} 22. Rac1 ({White should play} 22. e4 $1 $16 Bxf2+ 23. Qxf2) 22... Rxc1 $11 23. Rxc1 Ng6 (23... b5 $11) 24. Nxe6 fxe6 25. Qc2 Nf8 26. Qd3 Qb6 27. a3 Qd6 28. Ba2 Qd7 29. Rd1 Qc7 30. f4 Kh8 (30... Nh7 $11) 31. Bb1 $14 e5 32. fxe5 Qxe5 33. Kh1 Re8 34. Rf1 (34. Qxd5 Qxd5 35. Rxd5 Bxe3 36. Bxe3 Rxe3 $14) 34... Qe4 35. Qe2 (35. Qxe4 $16 dxe4 36. Bg1) 35... Qe6 (35... Qc4 $14 36. Bd3 Qc6) 36. Qd3 Qe4 $1 37. Qe2 (37. Qxe4 {simplifies} dxe4 38. Bg1 Nh7 39. Rf7) 37... Qe6 38. Qc2 Qe4 (38... Bxe3 $2 39. Bxe3 Kg8 (39... Qxe3 40. Rxf8+ Rxf8 41. Qh7#) 40. Bg1 $18) 39. Qd1 (39. Qxe4 {simplifies} dxe4 40. Bg1 b5 41. Rf7) 39... Qe6 40. Qc2 Qe4 $1 (40... Bxe3 $2 {perishes.} 41. Bxe3 Kg8 (41... Qxe3 42. Rxf8+ Rxf8 43. Qh7#) 42. Bd2 $18) 41. Qd1 (41. Qxe4 {simplifies} dxe4 42. Bg1 Nh7 43. Rf7) 41... Qe6 42. Ba2 Bxe3 43. Bxd5 Qe7 44. Be1 ({White should try} 44. Bxe3 $16 Qxe3 45. Bxb7) 44... Ne6 45. Ba2 {[%emt 0:05:13] [#] Bc3 would now be deadly.} (45. Bb4 {simplifies} Qd7 46. Be4 Qxd1 47. Rxd1 Rd8 48. Rxd8+ Nxd8 49. Bc3) 45... Bc5 $2 {[%emt 0:09:22] A mistake that costs the game.} ({Better is} 45... Ng5 $14) 46. Bc3 $18 Ng5 47. Qh5 Kh7 (47... Rf8 48. Rxf8+ (48. Qxh6+ Nh7 $18) 48... Qxf8 49. Qxh6+ Nh7) 48. Bb1+ Kg8 49. Qg6 Rf8 50. Ba2+ {[%emt 0:00:50] This pair of bishops is nice.} Kh8 51. Rd1 Be3 52. Qxh6+ $40 {[%emt 0:00:55][%mdl 128] White wants a kill.} Nh7 53. Qg6 {[%emt 0:00:13] Strongly threatening Bb1. Black is weak on the light squares} Qd7 (53... Nf6 $142 54. Re1 Qe4) 54. Re1 {[%emt 0:00:44][%cal Oa2b1] White threatens Bb1! and mate.} (54. Rxd7 $2 Rf1#) ({Avoid the trap} 54. Qxh7+ $2 Kxh7 55. Bb1+ Kh8 $19) 54... Rf2 55. Bb1 (55. Rxe3 $2 Rf1#) 55... Nf6 56. Bxf6 (56. Rxe3 $2 Rf1#) 56... gxf6 57. h3 {[%emt 0:00:26] Weighted Error Value: White=0.38/Black=0.36.  Loses game:     	---       	Black=1      Mistake:       	White=3     	Black=5      Inaccurate:     	White=4     	Black=4      OK:         	White=12    	Black=11     Best:        	White=5     	Black=1      Strong:       	---       	Black=2} (57. Rxe3 $2 Rf1#) 1-0

[Event "45th FIDE Womens Olympiad 2024"]
[Site "Budapest"]
[Date "2024.09.16"]
[Round "6.16"]
[White "Ni, Shiqun"]
[Black "Sliwicka, Alicja"]
[Result "1/2-1/2"]
[ECO "B31"]
[WhiteElo "2348"]
[BlackElo "2373"]
[Annotator "RC"]
[PlyCount "185"]
[EventDate "2024.09.05"]
[EventType "team-tourn"]
[EventCountry "HUN"]
[SourceTitle "playchess.com"]
[Source "ChessBase"]
[SourceQuality "1"]
[WhiteTeam "China"]
[BlackTeam "Poland"]
[WhiteTeamCountry "CHN"]
[BlackTeamCountry "POL"]
[TimeControl "40/5400+30:1800+30"]

1. e4 c5 2. Nf3 Nc6 3. Bb5 g6 4. Bxc6 bxc6 5. O-O Bg7 6. Re1 Qc7 7. d3 d6 8. e5 dxe5 9. Na3 Be6 10. Ng5 Bf5 11. Nc4 Nh6 12. Be3 Rd8 13. Bxc5 f6 14. Ne4 Nf7 15. Qe2 O-O 16. Ng3 Be6 17. d4 Nd6 18. Nd2 Nb7 19. Nb3 a5 20. Qa6 Ra8 21. Qb6 Qxb6 22. Bxb6 Bxb3 23. axb3 Ra6 24. Bc5 Nxc5 25. dxc5 Rb8 26. Ra4 Rb5 27. Rc4 f5 28. f3 e6 29. Kf1 Ra7 30. Rd1 Bf8 31. Rd8 Rc7 32. Ne2 Kf7 33. Nc3 Rbb7 34. Ke2 Be7 35. Ra8 Ra7 36. Rxa7 Rxa7 37. Nd1 Rd7 38. Nf2 Kf6 39. Nd3 Rb7 40. Kd2 Rb5 41. Ke2 g5 42. g3 h5 43. h3 Bd8 44. Ra4 Bc7 45. g4 hxg4 46. hxg4 Rb8 47. Nf2 Rb5 48. Ra1 Bd8 49. Nd3 Bc7 50. Ke3 Rb8 51. b4 axb4 52. Ra6 b3 53. c3 Ke7 54. gxf5 exf5 55. Rxc6 Ba5 56. Rg6 Bxc3 57. bxc3 b2 58. Nxb2 Rxb2 59. Rxg5 Kf6 60. Rg8 Rb5 61. Rc8 Ke7 62. Rc6 Kd7 63. Rd6+ Ke7 64. Rd5 Ke6 65. Rd6+ Ke7 66. Rc6 Kd7 67. Rf6 f4+ 68. Kd3 Rxc5 69. Ra6 Rd5+ 70. Ke4 Rc5 71. c4 Ke7 72. Rb6 Rxc4+ 73. Kxe5 Kf7 74. Kf5 Kg7 75. Rb7+ Kh6 76. Rf7 Ra4 77. Ke5 Kg6 78. Rf8 Kg7 79. Rd8 Rb4 80. Rd1 Ra4 81. Rg1+ Kf7 82. Rg4 Rb4 83. Rxf4+ Rxf4 84. Kxf4 Kf6 85. Ke4 Ke6 86. f4 Kf6 87. f5 Kf7 88. Ke5 Ke7 89. f6+ Kf7 90. Kf5 Kf8 91. Kg6 Kg8 92. f7+ Kf8 93. Kf6 1/2-1/2

[Event "45th FIDE Womens Olympiad 2024"]
[Site "Budapest"]
[Date "2024.09.16"]
[Round "6.17"]
[White "Osmak, Yuliia"]
[Black "Injac, Teodora"]
[Result "1-0"]
[ECO "D31"]
[WhiteElo "2471"]
[BlackElo "2425"]
[Annotator "TA"]
[PlyCount "85"]
[EventDate "2024.09.05"]
[EventType "team-tourn"]
[EventCountry "HUN"]
[SourceTitle "playchess.com"]
[Source "ChessBase"]
[SourceQuality "1"]
[WhiteTeam "Ukraine"]
[BlackTeam "Serbia"]
[WhiteTeamCountry "UKR"]
[BlackTeamCountry "SRB"]
[TimeControl "40/5400+30:1800+30"]

1. c4 e6 2. Nc3 d5 3. d4 Be7 4. cxd5 exd5 5. Bf4 c6 6. e3 Bf5 7. Nge2 Nd7 8. Ng3 Bg6 9. Be2 Qb6 10. Qd2 h5 11. h4 {[%emt 0:06:40] The position is equal.} Nf8 12. e4 dxe4 13. Ngxe4 Nf6 ({Black should try} 13... Ne6 $15 14. Be3 Rd8) 14. Nd6+ $14 Bxd6 15. Bxd6 Qd8 16. Ba3 {[%emt 0:16:26][%cal Od4d5] d5! is the strong threat.} Ne6 17. Rd1 $1 {[%emt 0:00:36] Hoping for d5.} Qa5 {[%emt 0:01:58] [#]} 18. d5 $1 Rd8 (18... O-O-O 19. d6) 19. Bf3 b5 (19... Nxd5 $14 20. Nxd5 Qxd2+ 21. Rxd2 cxd5) 20. dxe6 $18 (20. O-O b4 21. Ne2 Nxd5 22. Bxd5 Rxd5 23. Qxb4 Qxb4 24. Bxb4 Bd3 $11) 20... Rxd2 21. Bxc6+ Kd8 {[%emt 0:00:11] White must now prevent ...Rxd1+.} 22. Rxd2+ Kc7 {[%emt 0:01:30] Black is weak on the dark squares} 23. Bxb5 (23. Nxb5+ $2 {too greedy.} Kxc6 24. Nd4+ Kb6 $19) 23... fxe6 24. O-O (24. Rd6 $18 {[%cal Od6a6] And now Ra6! would win.} Kb7 25. O-O (25. Rxe6 Be8 $18)) 24... Rd8 $16 25. Rxd8 Kxd8 {[%emt 0:00:03][%cal Bc7d8,Bd8c8,Bc8d7][%mdl 32] [#]} 26. Rd1+ $1 Kc8 27. Bc4 Bf5 28. Bd6 Ng4 (28... Kb7 $16) 29. b4 $36 {[%emt 0:03:24][%mdl 2048] Keeping Black busy.} Qa3 30. Nb5 Qa4 31. Rc1 {[%emt 0:01:44] Strongly threatening Bb3+. Some like it hot. White is more active.} Kd7 (31... Kd8 $16 {was worth a try.}) 32. Bc5 {[%emt 0:00:08] This pair of bishops is nice.} a6 33. Nd6 Bc2 {[%emt 0:01:39] Prevents Bb3} (33... Ne5) 34. Re1 (34. b5 $142 Qa5 35. Rxc2 Qe1+ 36. Bf1 axb5 37. Nxb5) 34... e5 $2 (34... Qa3) 35. f3 $18 Nf6 36. Rxe5 Qa3 {[%emt 0:00:32] [#]} 37. Re7+ $3 Kc6 {[%emt 0:00:11] [#]} 38. Bxa6 $1 Qc1+ (38... Qxa6 39. b5+) 39. Kh2 Qf4+ 40. g3 Qd2+ 41. Kh3 Bf5+ 42. Nxf5 {[%emt 0:00:08] White threatens a4 and mate.} Qc1 43. b5+ {[%emt 0:01:21] Weighted Error Value: White=0.29 (precise) /Black=0.59.  Mistake:       	White=2     	Black=6      Inaccurate:     	White=1     	Black=2      OK:         	White=9     	Black=10     Best:        	White=4     	Black=5      Strong:       	White=2     	---        Brilliant:      	White=1     	---} (43. Nxg7 $2 Qh1#) 1-0

[Event "45th FIDE Womens Olympiad 2024"]
[Site "Budapest"]
[Date "2024.09.16"]
[Round "6.17"]
[White "Sele, Timea"]
[Black "Ramas, Carmina Jasmine"]
[Result "0-1"]
[ECO "B07"]
[WhiteElo "1699"]
[BlackElo "1712"]
[PlyCount "76"]
[EventDate "2024.09.05"]
[EventType "team-tourn"]
[EventCountry "HUN"]
[WhiteTeam "Liechtenstein"]
[BlackTeam "Guam"]
[WhiteTeamCountry "LIE"]
[BlackTeamCountry "GMA"]
[TimeControl "40/5400+30:1800+30"]

1. d4 d6 2. Nf3 Nf6 3. c3 Nbd7 4. Nbd2 e5 5. e4 c6 6. Bd3 Be7 7. O-O O-O 8. a4 a5 9. Re1 Re8 10. Qc2 h6 11. dxe5 dxe5 12. Nc4 Bf8 13. Be3 Qc7 14. Rad1 b5 15. Ncd2 Ba6 16. Nh4 Nc5 17. axb5 cxb5 18. Bf1 Rad8 19. b4 Na4 20. Rc1 axb4 21. c4 Qb7 22. cxb5 Bxb5 23. Bxb5 Qxb5 24. Ra1 Nc3 25. Ra7 Rd7 26. Rea1 Red8 27. h3 Rxa7 28. Rxa7 Rc8 29. Qb3 Nd7 30. Nf5 Qc6 31. g4 Ra8 32. Rxa8 Qxa8 33. Ng3 Nb8 34. f3 Nc6 35. Nc4 Qa1+ 36. Kf2 Nd4 37. Bxd4 exd4 38. Ne2 Bc5 {0-} 0-1

[Event "45th FIDE Womens Olympiad 2024"]
[Site "Budapest"]
[Date "2024.09.16"]
[Round "6.18"]
[White "Gajcin, Marina"]
[Black "Ushenina, Anna"]
[Result "0-1"]
[ECO "B51"]
[WhiteElo "2253"]
[BlackElo "2417"]
[Annotator "RC"]
[PlyCount "162"]
[EventDate "2024.09.05"]
[EventType "team-tourn"]
[EventCountry "HUN"]
[SourceTitle "playchess.com"]
[Source "ChessBase"]
[SourceQuality "1"]
[WhiteTeam "Serbia"]
[BlackTeam "Ukraine"]
[WhiteTeamCountry "SRB"]
[BlackTeamCountry "UKR"]
[TimeControl "40/5400+30:1800+30"]

1. e4 c5 2. Nf3 d6 3. Bb5+ Nd7 4. a4 Ngf6 5. Nc3 g6 6. O-O Bg7 7. a5 a6 8. Be2 O-O 9. d3 b5 10. axb6 Nxb6 11. Bg5 h6 12. Bd2 Bd7 13. h3 Qc7 14. Bf4 Bc6 15. Qd2 Kh7 16. e5 Nfd5 17. exd6 exd6 18. d4 Nxc3 19. bxc3 c4 20. Bg3 a5 21. h4 Rfe8 22. Rfb1 Ra6 23. Nh2 Be4 24. Nf1 Nd5 25. Ra4 Nb6 26. Ra2 Nd5 27. Ra4 Nb6 28. Ra2 h5 29. Rb5 Qc6 30. Rbxa5 Rxa5 31. Rxa5 Bxg2 32. Ne3 Be4 33. Ra7 Kg8 34. Ra6 Bh6 35. Bf1 Qb7 36. Ra1 Qc6 37. Ra6 Qb7 38. Ra1 Qc7 39. Nd5 Nxd5 40. Qxh6 Nxc3 41. Qf4 Re6 42. Qd2 Nd5 43. Qa5 Qxa5 44. Rxa5 Bf3 45. Bg2 Bxg2 46. Kxg2 Nc3 47. d5 Rf6 48. Ra8+ Kg7 49. Rd8 Nxd5 50. Bxd6 Rf5 51. Rc8 c3 52. Bc5 f6 53. Kg3 g5 54. hxg5 Rxg5+ 55. Kh2 Kg6 56. Bd4 Rf5 57. Kg3 h4+ 58. Kh2 Kg5 59. Bxc3 Rxf2+ 60. Kg1 Rf3 61. Bd2+ Kg4 62. c4 Nf4 63. Bxf4 Rxf4 64. c5 Rc4 65. c6 Kf4 66. c7 f5 67. Kg2 Rc3 68. Kh2 Rc6 69. Kh3 Rc2 70. Rh8 Rxc7 71. Kg2 Rg7+ 72. Kf2 Kg4 73. Ra8 h3 74. Ra1 Rc7 75. Rg1+ Kf4 76. Rg8 Rc2+ 77. Kf1 h2 78. Rh8 Ke4 79. Rh4+ f4 80. Rh8 Rc1+ 81. Kf2 h1=Q 0-1

[Event "45th FIDE Womens Olympiad 2024"]
[Site "Budapest"]
[Date "2024.09.16"]
[Round "6.19"]
[White "Gaponenko, Inna"]
[Black "Velikic, Adela"]
[Result "1-0"]
[ECO "B12"]
[WhiteElo "2324"]
[BlackElo "2260"]
[Annotator "TA"]
[PlyCount "77"]
[EventDate "2024.09.05"]
[EventType "team-tourn"]
[EventCountry "HUN"]
[SourceTitle "playchess.com"]
[Source "ChessBase"]
[SourceQuality "1"]
[WhiteTeam "Ukraine"]
[BlackTeam "Serbia"]
[WhiteTeamCountry "UKR"]
[BlackTeamCountry "SRB"]
[TimeControl "40/5400+30:1800+30"]

1. e4 c6 2. d4 d5 3. e5 Bf5 4. Nf3 e6 5. Be2 Nd7 6. O-O a5 7. a4 f6 8. c4 fxe5 {[%emt 0:01:28] The position is equal.} 9. dxe5 {[%emt 0:03:20] aiming for cxd5.} Bc5 10. cxd5 cxd5 11. Nd4 {[%emt 0:23:19] [#] Strongly threatening Nxf5.} Bxd4 12. Qxd4 Ne7 13. f4 Nc6 14. Qd1 Qb6+ 15. Kh1 O-O 16. Na3 Nb4 17. Bb5 Rfd8 18. Bd2 Rac8 19. Bc3 Nc5 20. Bd4 Qc7 21. Rc1 Qe7 22. Be2 Ne4 (22... Ncd3 $15 23. Rxc8 Rxc8) 23. Nb5 Qd7 (23... Qh4 {seems wilder.} 24. Kg1 Rxc1 25. Qxc1 Bg4) 24. Bb6 Rxc1 25. Qxc1 Rc8 26. Qe3 $36 {[%emt 0:01:05][%mdl 2048] White fights for an advantage.} Nc2 27. Qg1 Qe7 (27... Bg6 $11 {remains equal.}) 28. Rc1 $16 {[%emt 0:00:20][%cal Oe2d1] And now Bd1! would win.} Qh4 {[%emt 0:00:32][%csl Gh4][%cal Re4g3] [#]} 29. g3 ({Better is} 29. g4 $1 $16 Bg6 30. Bd3 Ng3+ 31. Qxg3 Qxg3 32. hxg3 Bxd3 33. Nd6 (33. Bxa5 Rc5 $14)) 29... Qe7 $2 {[%emt 0:00:22] A mistake that costs the game.} (29... Qh3 $14) 30. Bd3 {[%emt 0:00:42] This pair of bishops is nice.} ({Not} 30. Bxa5 Nc3 31. Nxc3 Rxc3 $16) 30... Qb4 31. Rxc2 Rxc2 32. Bxc2 Qxb2 33. Qb1 Qb4 (33... Nf2+ $142 34. Kg2 Qxc2 35. Qxc2 Bxc2 36. Kxf2 (36. Bxf2 Bxa4 37. Nd6 Bc6 $18) 36... Bxa4) 34. Qxb4 $18 axb4 35. Bxe4 Bxe4+ 36. Kg1 {[%emt 0:00:02] White is clearly winning.} Bc2 37. a5 Ba4 38. Nd6 Bc6 39. Kf2 {[%emt 0:00:16] Weighted Error Value: White=0.17 (very precise) /Black=0.40.  Loses game:     	---       	Black=1      Mistake:       	White=1     	Black=3      Inaccurate:     	White=4     	Black=3      OK:         	White=13    	Black=7      Best:        	White=2     	Black=3} 1-0

[Event "45th FIDE Womens Olympiad 2024"]
[Site "Budapest"]
[Date "2024.09.16"]
[Round "6.20"]
[White "Eric, Jovana"]
[Black "Doluhanova, Evgeniya"]
[Result "1-0"]
[ECO "C54"]
[WhiteElo "2162"]
[BlackElo "2304"]
[Annotator "TA"]
[PlyCount "115"]
[EventDate "2024.09.05"]
[EventType "team-tourn"]
[EventCountry "HUN"]
[SourceTitle "playchess.com"]
[Source "ChessBase"]
[SourceQuality "1"]
[WhiteTeam "Serbia"]
[BlackTeam "Ukraine"]
[WhiteTeamCountry "SRB"]
[BlackTeamCountry "UKR"]
[TimeControl "40/5400+30:1800+30"]

1. e4 e5 2. Nf3 Nc6 3. Bc4 Bc5 4. c3 Nf6 5. d3 O-O 6. O-O d6 7. h3 h6 {[%emt 0:01:01] 7...a5 is more fashionable.} 8. Re1 a6 {[%emt 0:00:47] C54: Giuoco Piano: 4 c3 Nf6, main lines with 5 d4 and 5 d3.} 9. a4 Ba7 10. Nbd2 Be6 11. Bxe6 fxe6 12. Nf1 Nh5 13. b4 Qf6 14. Ra2 Nf4 15. Bxf4 Qxf4 16. N1h2 Qf7 17. g3 a5 $146 ({Predecessor:} 17... Rac8 18. Kg2 a5 19. b5 Nb8 20. Rb2 Nd7 21. Qb3 {½-½ Valinova,J (2412)-Grammatica,A (2410) Champion's League 2021/B1 email}) 18. bxa5 Nxa5 19. Kg2 Bb6 20. d4 exd4 $1 21. cxd4 e5 22. d5 Bc5 23. Qd3 c6 (23... Nc6 $17 {aiming for ...Nb4.} 24. Raa1 Nb4) 24. Rb2 (24. Rc2 $11) 24... cxd5 25. exd5 b6 (25... Qf5 {simplifies} 26. Qxf5 Rxf5 27. Re4 Raf8) 26. Re4 Nb7 27. Rg4 Qf5 28. Qd2 (28. Qxf5 $11 {remains equal.} Rxf5 29. Nf1) 28... Qh7 29. Qe2 Rae8 30. Re4 (30. Qe4 $11) 30... Qg6 (30... Qf5 $17) 31. Nf1 {[%emt 0:00:52] [#]} (31. Rg4 $11 Qh7 32. Re4) 31... Re7 (31... Rf6 $1 $17) 32. N1d2 Ref7 33. Rg4 Qf5 (33... Qh7 $15) 34. Rb3 $1 $11 Na5 35. Rd3 h5 36. Re4 Qg6 37. Rh4 Rf4 (37... Nb7 $15) 38. Ne4 $1 $14 Nb7 {[%emt 0:00:23] [#]} (38... R4f7 $14) 39. Kh2 ({White must play} 39. Rxf4 $1 $16 exf4 40. Nfg5) 39... Rxh4 $4 (39... R4f5 $11) 40. Nxh4 $18 Qe8 41. Rf3 Qxa4 $2 (41... Rf7 42. Rf5 Rxf5 43. Nxf5 Qf7) 42. Rxf8+ Kxf8 43. Qf3+ Ke8 44. Ng6 (44. Qxh5+ Kd8 $18) 44... Kd8 45. Qf7 $2 ({Better is} 45. Qf8+ $18 Kc7 46. Qxg7+ Kb8 47. Qf8+ Ka7 48. Nxc5 bxc5 49. Ne7) 45... Qd7 $2 (45... Qxe4 $11 {and Black stays safe.} 46. Nf8 Kc8 47. Qe8+ Nd8) 46. Qg8+ $18 Kc7 47. Nf8 Qe7 $2 (47... Qc8 48. Qxg7+ Kb8 49. Nd7+ Ka7 50. Ndxc5 dxc5) 48. Ne6+ $18 Kd7 49. Qa8 (49. Qxg7 Qxg7 50. Nxg7 b5 $11) 49... Nd8 50. N4g5 $2 (50. Nxg7 {Intending Qa7+ and mate.} Qf8 51. Kg2 (51. Nxh5 Kc7 $18)) 50... Ke8 $2 (50... b5 51. Nf7 Qf6 52. Qxd8+ (52. Nexd8 $2 {gets mated.} Qxf2+ 53. Kh1 Qg1#) 52... Qxd8 53. Nfxd8 Bxf2) 51. Qa4+ $18 Qd7 (51... b5 $18 52. Qxb5+ Qd7 53. Nxg7+ Ke7 54. Qxd7+ Kxd7) 52. Nxg7+ Ke7 53. Qh4 Kf8 54. N7e6+ (54. Nxh5 Qf5 55. Ne4 Nf7 $16) 54... Nxe6 55. Nxe6+ Ke8 56. Qxh5+ Ke7 57. Qh7+ Ke8 58. Qg8+ 1-0

[Event "45th FIDE Womens Olympiad 2024"]
[Site "Budapest"]
[Date "2024.09.16"]
[Round "6.21"]
[White "Pham, Le Thao Nguyen"]
[Black "Mammadzada, Gunay"]
[Result "1-0"]
[ECO "D02"]
[WhiteElo "2380"]
[BlackElo "2433"]
[Annotator "TA"]
[PlyCount "123"]
[EventDate "2024.09.05"]
[EventType "team-tourn"]
[EventCountry "HUN"]
[SourceTitle "playchess.com"]
[Source "ChessBase"]
[SourceQuality "1"]
[WhiteTeam "Vietnam"]
[BlackTeam "Azerbaijan"]
[WhiteTeamCountry "VIE"]
[BlackTeamCountry "AZE"]
[TimeControl "40/5400+30:1800+30"]

1. d4 Nf6 2. Nf3 d5 3. Bf4 e6 4. e3 c5 5. c3 Bd6 6. Bb5+ {[%emt 0:03:40] D02: 1 d4 d5 2 Nf3 sidelines, including 2...Nf6 3 g3 and 2...Nf6 3 Bf4.} Nc6 7. Bg3 O-O 8. Nbd2 a6 9. Bd3 h6 $146 ({Predecessor:} 9... b6 10. e4 Be7 11. dxc5 bxc5 12. O-O Nh5 13. Ne5 Nxe5 14. Bxe5 g6 15. Re1 Bf6 16. exd5 exd5 {1-0 Grischuk,A (2774)-Karjakin,S (2762) Wch Blitz 9th 2015 (18)}) 10. Qe2 Qe7 11. Ne5 Bxe5 12. dxe5 Nd7 13. f4 f6 14. Nf3 b5 15. Nh4 Qe8 16. Ng6 Rf7 17. O-O Bb7 18. Rf2 f5 19. Bh4 (19. h4 $11) 19... d4 (19... c4 $17 20. Bc2 Kh7) 20. cxd4 (20. exd4 $15 cxd4 21. cxd4) 20... Nb4 21. Bb1 cxd4 $1 22. e4 {[%emt 0:00:44] [#]} d3 ({Black should play} 22... fxe4 $1 $17 {...Nc5 would now be deadly.} 23. Bxe4 Nc5) 23. Qd2 (23. Bxd3 $2 Nc5 24. Bb1 Bxe4 $19) 23... Nc2 24. Bxc2 dxc2 25. exf5 Be4 26. Qd6 Bxf5 (26... Nf8 $1 $11 27. Nxf8 (27. Ne7+ Rxe7 28. Qxe7 exf5 $15) 27... exf5) 27. Ne7+ $14 Kh8 28. Nxf5 Rxf5 29. Rxc2 (29. Rc1 {looks sharper.} Nf8 30. Qd2 Ng6 31. g4) 29... Rxf4 30. Bg3 Rf5 31. Rc6 Nxe5 32. Rxa6 ({Reject} 32. Bxe5 Rxe5 33. Qxe5 Qxc6 $15) 32... Rxa6 33. Qxa6 Nd3 34. Qa3 Qd8 35. h3 Qd4+ 36. Kh2 Qxb2 37. Qa8+ (37. Qxb2 $11 Nxb2 38. Re1) 37... Kh7 $17 38. Rg1 Qe2 39. a3 Rf1 40. Rxf1 Qxf1 41. Qc6 Qf5 42. Qd7 Qd5 43. Qf7 Nb2 44. Qf2 Nc4 45. Qc2+ Qf5 46. Qc3 Qe4 47. Kh1 (47. Qb4 $142) 47... h5 (47... Qe3 $142 48. Qxe3 Nxe3) 48. Bf2 $17 Qe2 49. Bc5 e5 (49... Nb2 $17) 50. Qb3 $11 Nd2 51. Qc2+ {[%emt 0:00:00] [#]} (51. Qd5 $11 {keeps the balance.}) 51... e4 (51... Ne4 $1 $17 52. Qc1 h4) 52. Bg1 $11 Nf1 53. Qc7 (53. Qxe2 $2 {is the wrong capture.} Ng3+ 54. Kh2 Nxe2 $19) 53... Ne3 54. Bxe3 Qxe3 55. Qe5 Qe2 56. Kh2 e3 57. Qe4+ Kh6 58. Qe6+ g6 59. Qf6 Qf2 60. Qh8+ Kg5 61. Qe5+ Qf5 $2 (61... Kh6 $11) 62. h4+ $1 1-0

[Event "45th FIDE Womens Olympiad 2024"]
[Site "Budapest"]
[Date "2024.09.16"]
[Round "6.21"]
[White "Ahmed, Najla"]
[Black "Magno, Angelica"]
[Result "1/2-1/2"]
[ECO "E91"]
[WhiteElo "1539"]
[BlackElo "1544"]
[PlyCount "81"]
[EventDate "2024.09.05"]
[EventType "team-tourn"]
[EventCountry "HUN"]
[WhiteTeam "Bahrain"]
[BlackTeam "Palau"]
[WhiteTeamCountry "BHN"]
[BlackTeamCountry "PAL"]
[TimeControl "40/5400+30:1800+30"]

1. d4 d6 2. c4 Nf6 3. Nc3 g6 4. e4 Bg7 5. Nf3 O-O 6. Be2 Nbd7 7. O-O c5 8. h3 a6 9. Be3 b6 10. Qd2 Bb7 11. Bd3 Qc7 12. Bh6 cxd4 13. Nxd4 Nc5 14. Bxg7 Kxg7 15. Rfe1 Nxd3 16. Qxd3 e5 17. Nf3 Rad8 18. Nd5 Nxd5 19. cxd5 f6 20. Rac1 Qe7 21. Rc3 b5 22. Qe3 Ra8 23. Qb6 Rac8 24. Rec1 Rxc3 25. Rxc3 Rc8 26. Rxc8 Bxc8 27. Nd2 f5 28. f3 Kh6 29. Qe3+ f4 30. Qb6 Qg5 31. Kf1 Qe7 32. a4 Qd7 33. axb5 axb5 34. Nb3 b4 35. Na5 Qa4 36. b3 Qa1+ 37. Kf2 Qa2+ 38. Kf1 Qa1+ 39. Kf2 Qa2+ 40. Kf1 Qa1+ 41. Kf2 1/2-1/2

[Event "45th FIDE Womens Olympiad 2024"]
[Site "Budapest"]
[Date "2024.09.16"]
[Round "6.22"]
[White "Fataliyeva, Ulviyya"]
[Black "Vo, Thi Kim Phung"]
[Result "1-0"]
[ECO "E08"]
[WhiteElo "2378"]
[BlackElo "2320"]
[Annotator "RC"]
[PlyCount "63"]
[EventDate "2024.09.05"]
[EventType "team-tourn"]
[EventCountry "HUN"]
[SourceTitle "playchess.com"]
[Source "ChessBase"]
[SourceQuality "1"]
[WhiteTeam "Azerbaijan"]
[BlackTeam "Vietnam"]
[WhiteTeamCountry "AZE"]
[BlackTeamCountry "VIE"]
[TimeControl "40/5400+30:1800+30"]

1. d4 d5 2. c4 e6 3. Nf3 Nf6 4. g3 Be7 5. Bg2 O-O 6. O-O c6 7. Qc2 Nbd7 8. Rd1 b6 9. Nc3 Ba6 10. e4 dxc4 11. d5 exd5 12. exd5 Nc5 13. dxc6 Nd3 14. Ne1 Nxe1 15. Rxe1 b5 16. Bg5 Qd6 17. Bf4 Qc5 18. Re5 Rae8 19. Rxc5 Bxc5 20. Ne4 Nxe4 21. Bxe4 h6 22. Rd1 Re6 23. Bd5 Rf6 24. Be5 Rxf2 25. Qxf2 Bxf2+ 26. Kxf2 Re8 27. Bc3 Bc8 28. c7 Kh7 29. Bc6 Re7 30. Rd8 Rxc7 31. Be4+ f5 32. Rxc8 1-0

[Event "45th FIDE Womens Olympiad 2024"]
[Site "Budapest"]
[Date "2024.09.16"]
[Round "6.22"]
[White "Sisior, Angelil"]
[Black "Almusawi, Maram"]
[Result "1/2-1/2"]
[ECO "B01"]
[WhiteElo "1691"]
[BlackElo "1510"]
[PlyCount "90"]
[EventDate "2024.09.05"]
[EventType "team-tourn"]
[EventCountry "HUN"]
[WhiteTeam "Palau"]
[BlackTeam "Bahrain"]
[WhiteTeamCountry "PAL"]
[BlackTeamCountry "BHN"]
[TimeControl "40/5400+30:1800+30"]

1. e4 d5 2. exd5 Qxd5 3. Nc3 Qa5 4. Bc4 Bf5 5. d4 c6 6. Bf4 Nf6 7. f3 e6 8. Nge2 Be7 9. Qd2 Nbd7 10. O-O-O O-O-O 11. g4 Bg6 12. Qe3 Rhe8 13. a3 Nd5 14. Nxd5 exd5 15. Ba2 Bxa3 16. Qxa3 Qxa3 17. bxa3 Rxe2 18. Bb3 Rde8 19. Rhf1 Nb6 20. Bg3 Nc4 21. Rfe1 Nxa3 22. Rxe2 Rxe2 23. Rd2 Rxd2 24. Kxd2 b5 25. f4 Be4 26. Kc1 a5 27. c3 Kb7 28. f5 Nb1 29. Be1 Na3 30. Kb2 Nc4+ 31. Bxc4 dxc4 32. Bg3 b4 33. cxb4 axb4 34. Bd6 b3 35. Be5 g6 36. f6 Kb6 37. Bd6 Kb5 38. g5 Bd5 39. h4 Kb6 40. Kc3 Kb7 41. Ba3 Kc7 42. Bc1 Kd6 43. Bd2 Ke6 44. Be1 Kf5 45. Kb2 Ke4 1/2-1/2